Map: Pillars of Gold LE

Players

Vanya

  • Race: Zerg Zerg
  • League: Master
  • Spawn Location: 1:00

AqueroN - Winner!

  • Race: Terran Terran
  • League: Grandmaster
  • Spawn Location: 7:00

Event: DreamHack SC2 Masters 2020 Winter

VOD

Have the link to the VOD?

Description

Time

  • Played on: Nov. 1, 2020, 11:14 a.m.
  • Length: 15:20

All games in this series

Show
View Real Time Build Order
Export as new Build Order

Vanya Zerg 

Build Orders: Hatch First 

Get SALT Encoding   

  12  0:00  Drone  
  13  0:13  Overlord  
  13  0:17  Drone  
  14  0:31  Drone x2  
  16  0:50  Hatchery  
  16  0:53  Drone  
  16  0:56  Drone  
  17  1:00  Drone  
  18  1:09  Extractor  
  17  1:15  Spawning Pool  
  16  1:18  Drone  
  16  1:22  Drone  
  18  1:30  Drone  
  19  1:40  Drone  
  20  1:51  Overlord  
  20  2:01  Queen  
  20  2:02  Zergling x4, Queen  
  26  2:12  Drone x2  
  26  2:14  Metabolic Boost  
  28  2:23  Extractor  
  28  2:28  Drone  
  28  2:29  Drone  
  30  2:40  Hatchery  
  29  2:45  Drone  
  29  2:48  Drone x2  
  32  2:53  Overlord  
  32  2:59  Queen  
  32  3:01  Drone  
  32  3:04  Drone  
  36  3:14  Drone x3  
  36  3:15  Drone  
  36  3:18  Overlord  
  39  3:27  Drone x3  
  42  3:37  Queen  
  42  3:38  Drone  
  42  3:39  Drone  
  46  3:43  Zergling x6  
  49  3:52  Queen  
  49  3:53  Overlord  
  51  3:57  Roach Warren, Drone  
  51  3:58  Drone, Extractor  
  51  4:01  Drone x2  
  53  4:06  Drone  
  53  4:09  Overlord  
  54  4:16  Drone x4  
  58  4:25  Overlord  
  58  4:26  Queen  
  58  4:29  Drone x4  
  64  4:34  Overlord  
  64  4:36  Drone x2  
  66  4:42  Lair  
  66  4:43  Extractor  
  66  4:44  Drone x2  
  67  4:47  Drone x2  
  67  4:52  Drone x3  
  72  4:58  Drone x4  
  76  5:04  Evolution Chamber  
  75  5:07  Evolution Chamber  
  75  5:11  Drone  
  75  5:12  Drone x2  
  75  5:14  Drone x4  
  81  5:15  Extractor x3  
  81  5:19  Overlord  
  81  5:20  Drone  
  79  5:25  Drone  
  80  5:30  Drone  
  80  5:32  Zerg Missile Weapons Level 1  
  81  5:35  Drone  
  81  5:36  Hatchery  
  81  5:38  Drone  
  81  5:42  Roach x4, Glial Reconstitution  
  90  5:50  Overlord  
  90  5:51  Overlord x2  
  90  6:03  Overlord x2  
  90  6:10  Roach x8  
  106  6:12  Ravager x2  
  106  6:13  Ravager  
  106  6:14  Ravager  
  106  6:16  Roach x2  
  114  6:18  Overlord  
  114  6:20  Overlord  
  114  6:22  Overlord  
  109  6:26  Roach  
  109  6:27  Roach x3  
  108  6:34  Roach x4  
  108  6:35  Queen  
  108  6:38  Roach  
  107  6:43  Roach x2  
  107  6:45  Queen  
  107  6:46  Queen  
  112  6:53  Ravager x3  
  112  6:54  Ravager x2  
  117  6:55  Overseer  
  117  6:56  Roach x3  
  123  7:02  Roach x4  
  123  7:05  Queen  
  133  7:09  Roach x2  
  133  7:15  Roach x3  
  143  7:22  Roach x3  
  149  7:26  Queen  
  149  7:27  Overlord  
  149  7:29  Ravager  
  152  7:32  Overlord  
  150  7:41  Roach x2  
  150  7:42  Overlord  
  152  7:49  Roach x4  
  160  7:51  Overlord  
  155  8:03  Roach x5  
  145  8:10  Roach x3  
  139  8:15  Roach x2  
  133  8:22  Roach x3  
  133  8:26  Zerg Ground Armor Level 1  
  135  8:32  Drone x6  
  141  8:40  Drone  
  141  8:41  Drone x5  
  145  8:45  Queen  
  147  8:54  Tunneling Claws  
  147  8:55  Burrow, Drone  
  147  8:56  Evolution Chamber, Drone  
  147  8:57  Ravager x4  
  147  8:59  Drone x3  
  147  9:00  Drone x2  
  157  9:04  Overseer  
  157  9:06  Roach x3  
  157  9:08  Overlord  
  163  9:21  Roach x6  
  175  9:30  Roach  
  175  9:31  Overlord, Roach  
  176  9:32  Overlord  
  176  9:34  Zerg Missile Weapons Level 2  
  176  9:37  Overlord  
  176  9:45  Overlord  
  176  9:51  Roach x8  
  192  10:01  Ravager x5  
  192  10:03  Drone x2, Extractor  
  192  10:04  Drone  
  197  10:14  Roach x2  
  199  10:15  Hatchery  
  198  10:24  Roach x4  
  198  10:25  Roach  
  198  10:30  Roach  
  198  10:31  Roach x2  
  198  10:33  Roach x2  
  198  10:35  Roach x2  
  200  10:52  Roach x8  
  200  10:54  Overlord  
  196  10:57  Overlord  
  180  11:06  Roach x14  
  192  11:19  Roach x2  
  192  11:20  Roach x5  
  197  11:30  Roach x8  
  197  11:31  Roach x4  
  191  11:33  Queen  
  191  11:37  Roach x3  
  192  11:43  Ravager x8  
  196  11:49  Roach x2  
  196  12:06  Roach x4  
  165  12:16  Roach x10  
  165  12:17  Roach  
  159  12:28  Roach x7  
  159  12:29  Roach x3  
  133  12:43  Roach x3  
  124  12:45  Hatchery  
  124  12:48  Queen, Roach  
  124  12:49  Queen x2  
  122  12:54  Roach x5  
  124  13:00  Ravager x6  
  130  13:07  Drone  
  130  13:09  Roach x2  
  130  13:11  Overseer  
  135  13:16  Roach  
  135  13:17  Roach x2  
  135  13:19  Roach x3  
  141  13:20  Roach x3  
  141  13:22  Roach x3  
  141  13:24  Ravager x2  
  149  13:31  Roach x3  
  155  13:39  Roach x4  
  146  13:46  Roach x6  
  136  13:51  Ravager x3  
  136  13:54  Zergling x10  
  142  14:01  Zergling x2  
  137  14:03  Ravager x2  
  137  14:06  Zergling x8  
  137  14:07  Zergling x6  
  140  14:14  Roach  
  140  14:15  Roach x2  
  146  14:23  Roach x5  
  126  14:27  Roach  
  104  14:33  Roach x8  
  104  14:34  Roach x4  
  100  14:41  Roach x3  
  106  14:53  Roach x3  
  106  14:57  Roach x2  
  106  14:59  Ravager x2  
  114  15:01  Ravager x3  
  114  15:02  Ravager  
Show
View Real Time Build Order
Export as new Build Order

AqueroN Terran - Winner!

Build Orders: Reaper Expand 

Get SALT Encoding   

  12  0:00  SCV  
  13  0:12  SCV  
  14  0:17  Supply Depot  
  14  0:24  SCV  
  15  0:39  SCV  
  15  0:41  Barracks  
  16  0:45  Refinery  
  16  0:51  SCV  
  17  1:03  SCV  
  18  1:15  SCV  
  19  1:28  Reaper, Orbital Command  
  20  1:43  Command Center  
  20  1:54  Supply Depot  
  20  1:55  SCV  
  20  2:00  Marine  
  22  2:07  SCV  
  23  2:18  Factory  
  23  2:19  SCV  
  23  2:21  Barracks Reactor  
  24  2:31  SCV  
  25  2:43  SCV  
  26  2:48  Command Center  
  26  2:55  SCV  
  27  2:59  Orbital Command  
  26  3:08  Barracks  
  26  3:13  Hellion  
  30  3:20  Hellion  
  30  3:21  SCV  
  30  3:23  Barracks Tech Lab  
  30  3:26  SCV  
  32  3:33  SCV  
  33  3:35  Hellion  
  33  3:38  SCV  
  38  3:41  Hellion  
  38  3:44  Stimpack  
  38  3:45  SCV  
  38  3:47  Marine  
  40  3:50  SCV  
  41  3:58  SCV  
  41  4:01  Refinery, Orbital Command  
  41  4:02  SCV  
  43  4:06  Marine  
  43  4:08  Marine x2  
  46  4:12  SCV, Starport  
  46  4:16  Factory Reactor  
  47  4:18  SCV  
  47  4:24  SCV, Marine  
  48  4:26  Marine x2  
  48  4:28  Supply Depot  
  52  4:32  SCV x2  
  52  4:36  SCV  
  52  4:37  Supply Depot  
  55  4:42  Marine  
  55  4:43  Armory  
  55  4:44  Marine x2  
  55  4:45  SCV x2  
  60  4:49  Supply Depot  
  60  4:54  SCV  
  60  4:57  SCV  
  60  4:58  Medivac  
  60  4:59  Marine  
  64  5:01  Supply Depot, Marine  
  64  5:02  Marine  
  69  5:07  Hellion  
  69  5:09  SCV  
  69  5:10  SCV  
  69  5:12  Medivac  
  73  5:17  Supply Depot, Marine  
  73  5:19  Marine x2  
  77  5:28  SCV x3  
  77  5:29  Refinery  
  77  5:30  Refinery  
  77  5:31  Hellion  
  77  5:35  Marine  
  81  5:36  Combat Shield  
  81  5:37  Marine x2  
  81  5:40  SCV x2  
  86  5:43  Orbital Command  
  86  5:52  SCV  
  86  5:53  Marine  
  86  5:55  Marine x2  
  86  5:56  Engineering Bay  
  90  5:57  Engineering Bay  
  90  5:58  SCV  
  91  6:04  SCV  
  91  6:08  Factory Reactor  
  91  6:09  SCV  
  91  6:11  SCV, Marine, Factory Tech Lab  
  95  6:12  Barracks  
  95  6:13  Marine x2, Barracks  
  95  6:16  SCV, Liberator  
  101  6:23  SCV  
  99  6:28  Liberator  
  81  6:41  Marine x3  
  81  6:42  SCV  
  81  6:43  SCV x2  
  81  6:44  Siege Tank  
  81  6:46  Terran Infantry Weapons Level 1, Terran Infantry Armor Level 1  
  85  6:55  SCV x3  
  85  6:56  Barracks  
  85  6:59  Refinery, Marine x2  
  85  7:00  Marauder  
  92  7:02  Supply Depot x2  
  92  7:03  Barracks Tech Lab  
  92  7:04  Barracks Reactor  
  92  7:09  SCV x3  
  95  7:16  Medivac, Siege Tank  
  95  7:17  Bunker  
  100  7:23  Marine  
  100  7:24  Marauder x2  
  100  7:26  Concussive Shells  
  100  7:27  Supply Depot x2  
  105  7:35  SCV x3  
  108  7:37  Marine  
  108  7:39  Medivac, Bunker, Supply Depot  
  108  7:41  Supply Depot, Marine  
  108  7:42  Marine x2  
  114  7:45  Refinery  
  114  7:47  Bunker  
  114  7:48  Siege Tank  
  114  7:49  Supply Depot  
  114  7:51  Marauder x2, Marine  
  122  8:05  Marine x3  
  98  8:06  Marine  
  81  8:15  SCV x2  
  81  8:18  Marauder x2  
  75  8:20  Siege Tank  
  75  8:21  Medivac x2  
  80  8:33  Orbital Command  
  78  8:34  Marine x4  
  78  8:35  Barracks Tech Lab  
  78  8:39  Marauder  
  78  8:40  Marauder  
  84  8:42  Terran Infantry Armor Level 2  
  84  8:43  SCV x2  
  86  8:55  Supply Depot x2, Marauder, Marine x4  
  88  8:56  Siege Tank  
  88  8:58  SCV  
  88  8:59  SCV  
  88  9:00  Orbital Command  
  88  9:02  Marauder x2  
  102  9:11  SCV x2  
  102  9:12  Terran Infantry Weapons Level 2  
  103  9:17  Marine x4  
  103  9:21  Marauder  
  103  9:23  SCV x2  
  111  9:28  Siege Tank  
  111  9:30  Marauder x2  
  116  9:35  SCV x2  
  116  9:36  SCV  
  119  9:38  Bunker  
  119  9:47  Marauder, Marine x3  
  119  9:49  Medivac  
  126  9:53  Bunker  
  126  9:54  Terran Vehicle Weapons Level 1  
  126  9:55  SCV x2  
  126  9:56  SCV  
  129  10:01  Marine  
  129  10:02  Marauder x2  
  134  10:07  Siege Tank  
  134  10:10  Marauder  
  134  10:12  Marine x2  
  134  10:13  Marine  
  142  10:23  Marauder  
  142  10:27  Bunker, Marauder  
  142  10:28  Medivac, Bunker  
  146  10:29  Sensor Tower  
  146  10:32  Marauder  
  149  10:42  Marine  
  149  10:44  Marine x3  
  149  10:45  Sensor Tower  
  144  10:50  Marauder  
  134  11:02  Marauder x2  
  133  11:07  Siege Tank  
  130  11:16  Marauder  
  130  11:17  Marine x4  
  134  11:22  Missile Turret  
  134  11:23  Marauder  
  132  11:30  Medivac  
  122  11:36  SCV  
  122  11:37  SCV x2  
  122  11:39  Siege Tank  
  128  11:41  Marauder x2  
  128  11:44  Orbital Command  
  131  11:49  SCV x3  
  131  11:50  Marine x4  
  138  11:54  Medivac  
  138  12:01  SCV  
  138  12:04  Marauder x2  
  141  12:09  Orbital Command  
  141  12:14  Marine x3  
  100  12:27  Marauder x2, Marine  
  91  12:32  SCV  
  82  13:02  Marine x4  
  82  13:03  Marauder x3  
  92  13:13  Missile Turret  
  92  13:16  Missile Turret  
  92  13:22  SCV x2  
  92  13:23  SCV  
  95  13:28  Marauder x2  
  95  13:29  Marauder, Marine x2  
  95  13:33  Marine x2  
  105  13:40  Orbital Command  
  87  13:49  Marine x3  
  87  13:53  Marauder x2  
  94  14:08  Marauder  
  95  14:10  Marine x2  
  95  14:11  Marine x2  
  95  14:14  SCV x2  
  95  14:15  Marauder x2  
  99  14:20  Orbital Command  
  73  14:37  Marine x5  
  76  14:45  Marine  
  77  14:56  Marine x2  
  77  14:57  Marine  
  80  15:01  SCV x2  
Tags
 
Add a new tag
Caveats
  • Supply blocks, unpowered buildings, or Contaminate may cause inaccurate times.
  • Supply counts are checked every 10 seconds.